Workbook

Sheet GUIDE
B3: Instructions Notes
B4: Simple User Guide for Filing Income Tax Returns for NGOs on Rev360
B6: This guide is specifically designed for Non-Governmental Organizations (NGOs) filing returns on the NRS Self-Service Portal.
B7: Important Notice:
B8: This template is strictly for NGO entities.
B10: Step-by-Step Guide
B11: Step 1: Login and Download the NGO CIT Template
B12: 1. Login to the NRS Self-Service Portal using your registered credentials.
B13: 2. Click on “File Now”.
B14: 3. Download the NGO CIT Excel Template from the link provided on the portal.
B15: Step 2: Complete the Income / Revenue Section
B16: NGO Income
... B105: Incorrect classification may affect tax computation and compliance status.

Sheet USER_INPUT
C5: Please Enter Accounting Year
C7: ACCOUNTING YEAR | D7: 2025

Sheet INCOME_STATEMENT
C3: INCOME/REVENUE SCHEDULE
C5: Please Enter amount in the Sector Specific To Your Business & Fill In Your Income/Revenue
D7: TOTAL | E7: TOTAL
C8: REVENUE | D8: =config!AP2 -> NGO | E8: ="NON "&config!AP2 -> NON NGO
C10: NGOs, NFPOs, RELIGIOUS INSTITUTIONS
C11: AGRICULTURE, FORESTRY & FISHING
C12: MINNING & QUARRY
C13: ELECTRICITY
C14: WATER SUPPLY, SEWERAGE & WASTE MANAGEMENT
C15: CONSTRUCTION
C16: WHOLESALE AND RETAIL TRADE
C17: TRANSPORTATION AND HAULAGE
C18: ACCOMODATION AND FOOD SERVICE ACTIVITIES
C19: COMMUNICATION &. INFORMATION
C20: BANKS & OTHER FINANCIAL AND ACTIVITIES
C21: INSURANCE ACTIVITIES
... C35: Income & Expenditure Account/Profit or Loss Account and Other Comprehensive Income for the year
D37: =config!AP2 -> NGO | E37: ="NON "&config!AP2 -> NON NGO
C38: REVENUE TOTAL | D38: =D40+D41+D42+D43+D44+D45+D46+D47+D48+D49+D50+D51+D52+D53+D54+D55+D56+D57+D58+D59 -> 0 | E38: =E40+E41+E42+E43+E44+E45+E46+E47+E48+E49+E50+E51+E52+E53+E54+E55+E56+E57+E58+E59 -> 0
C40: NGOS, NFPOS, RELIGIOUS INSTITUTIONS | D40: =D10 -> 0 | E40: =E10 -> 0
C41: AGRICULTURE, FORESTRY & FISHING | D41: =D11 -> 0 | E41: =E11 -> 0
C42: MINNING & QUARRY | D42: =D12 -> 0 | E42: =E12 -> 0
C43: ELECTRICITY | D43: =D13 -> 0 | E43: =E13 -> 0
C44: WATER SUPPLY, SEWERAGE & WASTE MANAGEMENT | D44: =D14 -> 0 | E44: =E14 -> 0
C45: CONSTRUCTION | D45: =D15 -> 0 | E45: =E15 -> 0
C46: WHOLESALE & RETAIL TRADEX | D46: =D16 -> 0 | E46: =E16 -> 0
C47: TRANSPORTATION & HAULAGE | D47: =D17 -> 0 | E47: =E17 -> 0
C48: ACCOMODATION & FOOD SERVICE ACTIVITIES | D48: =D18 -> 0 | E48: =E18 -> 0
C49: COMMUNICATION & INFORMATIONX | D49: =D19 -> 0 | E49: =E19 -> 0
C50: BANK & OTHER FINANCIAL ACTIVITIES | D50: =D20 -> 0 | E50: =E20 -> 0
C51: INSURNACE ACTIVITIES | D51: =D21 -> 0 | E51: =E21 -> 0
... C58: ART, ENTERTAINMENT & RECREATION | D58: =D28 -> 0 | E58: =E28 -> 0
C59: =C29 -> Others | D59: =D29 -> 0 | E59: =E29 -> 0
C65: DIRECT COSTS
C67: Please Provide Details Of Your Cost Of Goods Sold Or Your Direct Cost As The Case May Be.
D69: TOTAL | E69: TOTAL
D71: =config!AP2 -> NGO | E71: ="NON "&config!AP2 -> NON NGO
C72: Direct Costs | D72: =D78+D83+D92+D100-D105 -> 0 | E72: =E78+E83+E92+E100-E105 -> 0
C74: OPENING INVENTORY
C75: Raw MaterialsXX
C76: Work in progress
C77: Finished goods
C78: Total opening inventory | D78: =SUM(D75:D77) -> 0 | E78: =SUM(E75:E77) -> 0
C79: PURCHASES (RAW MATERIALS/FINISHED GOODS)
C80: Local Purchases
C81: Import Purchases
C82: Returns Outwards
C83: Total PurchasesXXx | D83: =D80+D81-D82 -> 0 | E83: =E80+E81-E82 -> 0
C84: OTHER DIRECT COST
C85: Direct wages
C86: Direct expenses
C87: Carriage Inwards
C88: Project costs
C89: Depreciation
C90: Amortisation of intangible assets
C91: Other Direct costs
C92: Total Direct Cost | D92: =SUM(D85:D91) -> 0 | E92: =SUM(E85:E91) -> 0
C93: FACTORY OVERHEADS
C94: Factory Rent
C95: Factory Rates
C96: Fuel and Power
C97: Indirect Wages
C98: Depreciation
C99: Other Factory Overheads
C100: Total Factory Overheads | D100: =SUM(D94:D99) -> 0 | E100: =SUM(E94:E99) -> 0
C101: CLOSING INVENTORY
C102: Raw materialsXXX
C103: Work In Progress
C104: Finished goods xx
C105: Total Of Closing Inventory | D105: =SUM(D102:D104) -> 0 | E105: =SUM(E102:E104) -> 0
B110: PROFIT OR LOSS SCHEDULE
B112: Statement Of Profit or Loss Account and Other Comprehensive Income for the year
D114: =config!AP2 -> NGO | E114: ="NON "&config!AP2 -> NON NGO
C116: Revenuexx | D116: =D38 -> 0 | E116: =E38 -> 0
C117: =IF(D92=D72,"Direct Cost","Cost Of Sale. ") -> Direct Cost | D117: =D72 -> 0 | E117: =E72 -> 0
C118: Gross Profit | D118: =D116-D117 -> 0 | E118: =E116-E117 -> 0
C119: Other Income (CLICK TO EXPAND) | D119: =OTHER_INCOME!D3 -> 0 | E119: =OTHER_INCOME!E3 -> 0
C120: Operating Income | D120: =D118+D119 -> 0 | E120: =E118+E119 -> 0
C121: Administrative Expenses (CLICK TO EXPAND) | D121: =ADMINISTRATIVE_EXPENSES!D3 -> 0 | E121: =ADMINISTRATIVE_EXPENSES!E3 -> 0
C122: =IF(OTHER_INCOME!D12>0,"Expenses Relating To Non-taxable revenue","")
C123: Finance Cost (Excluding Interest Expense)
C124: Operating Profit Before Tax | D124: =D120-D121-D123 -> 0 | E124: =E120-E121-E123 -> 0
C125: Taxation
C126: Profit After Tax | D126: =D124-D125 -> 0 | E126: =E124-E125 -> 0
C127: Other Comprehensive IncomeXX | D127: =SUM(D128:D133) -> 0 | E127: =SUM(E128:E133) -> 0
C128: Revaluation Gain/Loss
C129: Unrealized foreign exchange gainX
C130: Currency Translation Adjustments
C131: Cash Flow Hedge
C132: Gain Or Loss On Derivative Contracts
C133: Pension Plans Adustments
C134: Profit For The Year | D134: =D126+D127 -> 0 | E134: =E126+E127 -> 0
C135: Retained Earnings Brought Forward
C136: Retained Earnings Carried Forward | D136: =D134+D135 -> 0 | E136: =E134+E135 -> 0
C140: SUMMARY OF INCOME AND EXPENDITURE ACCOUNT/PROFIT OR LOSS SCHEDULE
C142: Profit or Loss Account and Other Comprehensive Income for the year
D144: =config!AP2 -> NGO | E144: ="NON "&config!AP2 -> NON NGO | F144: TOTAL
C146: Revenue | D146: =D116 -> 0 | E146: =E116 -> 0 | F146: =D146+E146 -> 0
C147: =IF(D92=D72,"Direct Cost","Cost Of Sale") -> Direct Cost | D147: =D117 -> 0 | E147: =E117 -> 0 | F147: =D147+E147 -> 0
C148: Gross Profit | D148: =D118 -> 0 | E148: =E118 -> 0 | F148: =D148+E148 -> 0
...

Sheet STATEMENT_OF_FINANCIAL_POSITION
B3: FINANCIAL POSITION SCHEDULE
C7: Non Current Assets
C8: Properties, Plants and Equipments | E8: =D8 -> 0
C9: Investments | E9: =SUM(D10:D20) -> 0
C10: Investment in securities
C11: Investment in stock and bonds
C12: Investment in Properties
C13: Investment in Associate & Joint Ventures
C14: Investment in Subsidiaries
C15: Investment in finance lease
C16: Investment in staff loan
C17: Investment in digital assets
C18: Investment in Commodities
C19: Investment in Commodities
C20: Others
C21: Intangible assets | E21: =SUM(D22:D30) -> 0
C22: Goodwill
C23: Patent
C24: Trademarks
C25: Terminal and service concession rights
C26: Brands
C27: Customer relationships
C28: Right of use
C29: Copyrights
C30: Others
C31: Other non current assets | E31: =SUM(D32:D43) -> 0
C32: Lease-hold Land
C33: Lease-hold Building
C34: Building and Real estate lease
C35: Other leases
C36: Non-Current Assets Held for Sale
C37: Contract assets
C38: Deferred tax asset
C39: Other financial assets
C40: Derivative financial instrument
C41: Long-term borrowings and debts
C42: Defined Benefits Assets
C43: Others
C44: Total Non Current Assets | E44: =E8+E9+E21+E31 -> 0
C46: Current Assets
C47: Inventories | E47: =D47 -> 0
C48: Other Receivables | E48: =D48 -> 0
C49: Trade recievables | E49: =D49 -> 0
C50: Other current assets | E50: =SUM(D51:D63) -> 0
C51: Other Interbank Advances
C52: Withholding tax recievables
C53: Other receivables
C54: Current portion of Long Term Loan
C55: Short Term Investments
C56: Accrued Income
C57: Asset classified as held for sale
C58: Advance payment to vendor
C59: Prepaid Expenses
C60: Small Tools
C61: Goods in transit
C62: chemicals, materials supplies and others
C63: Others
C64: Cash and Cash Equivalents | E64: =SUM(D65:D68) -> 0
C65: Cash in hand
C66: Cash at Bank
C67: marketable securities
C68: Others
C69: Total Current Assets | E69: =E47+E48+E49+E50+E64 -> 0
C70: Total Assets | E70: =E44+E69 -> 0
C72: Equity and Liabilities
C73: Current Liabilities
C74: Trade Payables | E74: =D74 -> 0
C75: Current tax liabilities | E75: =D75 -> 0
C76: Other Current Liabilities | E76: =SUM(D77:D93) -> 0
C77: Other payables
C78: Financial liabilities
C79: Accruals
C80: Unearned income (advance from customers)
C81: Interest payable
C82: Short-term debt
C83: Provision for warranty expenses
C84: Provision for bonuses and employee benefit
C85: Current portion of lease liability
C86: Current portion of long-term debt
C87: Dividend payable
C88: Provisions
... C93: Others
C94: Total Current Liabilities | E94: =E74+E75+E76 -> 0
C95: Non-current Liabilities | E95: =SUM(D96:D111) -> 0
C96: Long Term Debt
C97: Long term Borrowings
C98: Pension and Employee Benefit obligation
C99: Deferred Revenue (Long Term Portion)
C100: Contigent Liability (Long Term Provision)
C101: Employees Benefits obligations
C102: Non-current Portion of Lease Obligation
C103: Deferred Tax Liabilities
C104: Stock warrant obligations
C105: Debt Securities
C106: Lease liabilities
C107: Derivaties liabilities held for risk Management
... C126: Equity contribution to shareholders/ Equity holders
C127: Total Equity | E127: =D113+D114+D115+D116+D117+D118+D120+D121+D122+D123+D124+D125+D126 -> 0
C128: Total Equity and Liabilities | E128: =E94+E95+E127 -> 0
C133: PREVIEW OF FINANCIAL POSITION
...

Sheet PROFIT_ADJUSTMENT
B4: PROFIT ADJUSTMENT NON NGO ACTIVITIES
B6: ="Profit Adjustment For "&USER_INPUT!D7&" Year Of Assessment" -> Profit Adjustment For 2025 Year Of Assessment
B8: NOTE: This section is to be populated if the taxpayer has disallowable expenses under the ADD BACK and deductions of non taxable items under the deductions section and the system will do the rest of the computation of tax liabilities.
C11: Profit before tax | E11: =INCOME_STATEMENT!E124 -> 0
C12: Add Backs
C13: Depreciation non-ngo | E13: =ADMINISTRATIVE_EXPENSES!E12+INCOME_STATEMENT!E98 -> 0
C14: Amortisation of Intangible Assets non-ngo | E14: =ADMINISTRATIVE_EXPENSES!E13+INCOME_STATEMENT!E90 -> 0
C15: Expenses Related To Exempt Income non-ngo
C16: Donations (To The Extent Not Allowed) non-ngo
C17: Urealized Foreign Exchange Loss non-ngo
C18: Loss On Disposal Of Fixed Assets non-ngo
C19: Entertainment Expenses (To The Extent Not Allowed) non-ngo
C20: Other Disallowable Expenses non-ngo
C21: Total amount to be added back non-ngo | E21: =D15+D16+D17+D18+D19+D20+E13 -> 0
C23: Deductions
C24: Deduct Non Taxable Items non-ngo
C25: Profit From Sales Of Fixed Assets non-ngo
C26: Frank Investment Income non-ngo
C27: Others non-ngo
C28: Total deductions non-ngo | E28: =SUM(D24:D27) -> 0
B32: PROFIT ADJUSTMENT NGO ACTIVITIES
B34: ="Profit Adjustment For "&USER_INPUT!D7&" Year Of Assessment" -> Profit Adjustment For 2025 Year Of Assessment
B36: NOTE: This section is to be populated if the taxpayer has disallowable expenses under the ADD BACK and deductions of non taxable items under the deductions section and the system will do the rest of the computation of tax liabilities.
C39: Profit before tax | E39: =INCOME_STATEMENT!D124 -> 0
C40: Add Backs
C41: Depreciation | E41: =ADMINISTRATIVE_EXPENSES!D12+INCOME_STATEMENT!D98 -> 0
C42: Expenses Related To Exempt Income
C43: Donations (To The Extent Not Allowed)
C44: Unrealized Foreign Exchange Loss
C45: Loss On Disposal Of Fixed Assets
C46: Entertainment Expenses (To The Extent Not Allowed)
C47: Other Disallowable Expenses
C48: Total amount to be added back | E48: =E41+D42+D43+D44+D45+D46+D47 -> 0
C50: Deductions
C51: Deduct Non Taxable Items
C52: Profit From Sales Of Fixed Assets
C53: Frank Investment Income
C54: Other Non Taxable Income
C55: Total deductions | E55: =SUM(D51:D54) -> 0

Sheet OTHER_INCOME
B2: Back to Income statement | C2: PROFIT OR LOSS SCHEDULE | D2: NGO | E2: NON NGO
C3: OTHER INCOME | D3: =SUM(D4:D17) -> 0 | E3: =SUM(E4:E17) -> 0
C4: Commision Income
C5: Interest Income
C6: Lease Income-Finance
C7: Rental Income
C8: Dividend Income
C9: Profit from disposal of investment in subsidiary income
C10: Decrease in provision
C11: Gain on sale of asset
C12: Non-taxable revenue
C13: Realized foreign exchange gain
C14: Unrealized foreign exchange gain
C15: Bad debt recovered
... C17: Others

Sheet ADMINISTRATIVE_EXPENSES
B2: Back to Income statement | C2: PROFIT OR LOSS SCHEDULE | D2: NGO | E2: NON NGO
C3: ADMINISTRATIVE EXPENSES | D3: =SUM(D4:D73) -> 0 | E3: =SUM(E4:E73) -> 0
C4: Salary and Wages
C5: Employee Benefit Expenses
C6: Directors Emoluments
C7: Directors expenses
C8: Staff Allowances
C9: Staff Gratuity
C10: Pension and Gratuity
C11: Other staff & related Cost
C12: Depreciation Xx
C13: Amortisation of Intangible AssetsX
C14: Government and regulatory costs
C15: Advertisement & Promotion
... C73: Others

Sheet Sheet1

Sheet config
B1: id | C1: sector | J1: id | K1: ppe_category | M1: id | N1: start | O1: end | S1: id | T1: code | U1: details | W1: id | X1: year | Z1: id | AA1: description | AB1: description2 | AC1: code | AF1: id | AG1: charge | AH1: charge2 | AI1: code | AL1: filling_year | AN1: tax_type | AP1: cit_type | AR1: version
B2: 1 | C2: Manufacturing | J2: 1 | K2: Building Industrial | M2: 1 | N2: 36526 | O2: =TODAY() -> 46188 | S2: 1 | T2: 1 | U2: Revenue | W2: 1 | X2: 2000 | Z2: 1 | AA2: =AC2&" - "&AB2 -> 05.06.00100 - Freehold Land | AB2: Freehold Land | AC2: 05.06.00100 | AF2: 1 | AG2: =AI2&" - "&AH2 -> 05.07.00100 - Accumulated Depreciation Non-Industrial Building | AH2: Accumulated Depreciation Non-Industrial Building | AI2: 05.07.00100 | AL2: =USER_INPUT!D7 -> 2025 | AN2: 2 | AP2: NGO | AR2: V2
B3: 2 | C3: Agriculture, Forestry & Fishing | J3: 2 | K3: Building Non-Industrial | S3: 2 | T3: 2 | U3: Cost Of Sales | W3: 2 | X3: 2001 | Z3: 2 | AA3: =AC3&" - "&AB3 -> 05.06.00200 - Non-Industrial Building | AB3: Non-Industrial Building | AC3: 05.06.00200 | AF3: 2 | AG3: =AI3&" - "&AH3 -> 05.07.00200 - Accumulated Depreciation Industrial Building | AH3: Accumulated Depreciation Industrial Building | AI3: 05.07.00200
B4: 3 | C4: Minning & Quarry | J4: 3 | K4: Plants (excluding Furniture and fittings) | S4: 3 | T4: 3 | U4: Gross Profit | W4: 3 | X4: 2002 | Z4: 3 | AA4: =AC4&" - "&AB4 -> 05.06.00300 - Industrial Building | AB4: Industrial Building | AC4: 05.06.00300 | AF4: 3 | AG4: =AI4&" - "&AH4 -> 05.07.00300 - Accumulated Depreciation Plants | AH4: Accumulated Depreciation Plants | AI4: 05.07.00300
B5: 4 | C5: Electricity | J5: 4 | K5: Agricultural plants exenditure | S5: 4 | T5: 4 | U5: Other Income | W5: 4 | X5: 2003 | Z5: 4 | AA5: =AC5&" - "&AB5 -> 05.06.00400 - Plants | AB5: Plants | AC5: 05.06.00400 | AF5: 4 | AG5: =AI5&" - "&AH5 -> 05.07.00400 - Accumulated Depreciation Ships, Boats & Yacths | AH5: Accumulated Depreciation Ships, Boats & Yacths | AI5: 05.07.00400
B6: 5 | C6: Water Supply, Sewerage & Waste Management | J6: 5 | K6: Furnitures & Fittings expenditure | S6: 5 | T6: 4a | U6: Bad Debt Recovered | W6: 5 | X6: 2004 | Z6: 5 | AA6: =AC6&" - "&AB6 -> 05.06.00500 - Ships, Boats & Yachts | AB6: Ships, Boats & Yachts | AC6: 05.06.00500 | AF6: 5 | AG6: =AI6&" - "&AH6 -> 05.07.00500 - Accumulated Depreciation Heavy Equipment | AH6: Accumulated Depreciation Heavy Equipment | AI6: 05.07.00500
B7: 6 | C7: Construction | J7: 6 | K7: Public Transport motor vehicles | S7: 6 | T7: 4b | U7: Commision Income | W7: 6 | X7: 2005 | Z7: 6 | AA7: =AC7&" - "&AB7 -> 05.06.00600 - Heavy Equipment | AB7: Heavy Equipment | AC7: 05.06.00600 | AF7: 6 | AG7: =AI7&" - "&AH7 -> 05.07.00600 - Accumulated Depreciation Aircraft Engine & Fuselage | AH7: Accumulated Depreciation Aircraft Engine & Fuselage | AI7: 05.07.00600
B8: 7 | C8: Wholesale & Retail Trade | J8: 7 | K8: Motor vehicles expenditure | S8: 7 | T8: 4c | U8: Contract Income | W8: 7 | X8: 2006 | Z8: 7 | AA8: =AC8&" - "&AB8 -> 05.06.00700 - Aircraft Engine & Fuselage | AB8: Aircraft Engine & Fuselage | AC8: 05.06.00700 | AF8: 7 | AG8: =AI8&" - "&AH8 -> 05.07.00700 - Accumulated Depreciation Aircraft & Vessel Furnishing | AH8: Accumulated Depreciation Aircraft & Vessel Furnishing | AI8: 05.07.00700
B9: 8 | C9: Transportation & Haulage | J9: 8 | K9: Plantation equipments expenditure | S9: 8 | T9: 4d | U9: Decrease In Provision | W9: 8 | X9: 2007 | Z9: 8 | AA9: =AC9&" - "&AB9 -> 05.06.00800 - Aircraft & Vessel Furnishing | AB9: Aircraft & Vessel Furnishing | AC9: 05.06.00800 | AF9: 8 | AG9: =AI9&" - "&AH9 -> 05.07.00800 - Accumulated Depreciation Communications & Electricity Towers & Cables | AH9: Accumulated Depreciation Communications & Electricity Towers & Cables | AI9: 05.07.00800
B10: 9 | C10: Accomodation & Food Service Activities | J10: 9 | K10: Construction Plants expenditure (excluding furniture & fittings) | S10: 9 | T10: 4e | U10: Direct Premium | W10: 9 | X10: 2008 | Z10: 9 | AA10: =AC10&" - "&AB10 -> 05.06.00900 - Communications & Electricity Towers & Cables | AB10: Communications & Electricity Towers & Cables | AC10: 05.06.00900 | AF10: 9 | AG10: =AI10&" - "&AH10 -> 05.07.00900 - Accumulated Depreciation Trains & Tracks | AH10: Accumulated Depreciation Trains & Tracks | AI10: 05.07.00900
B11: 10 | C11: Communication & Information | J11: 10 | K11: research and development expenditure | S11: 10 | T11: 4f | U11: Fair Value Gain On Derivative | W11: 10 | X11: 2009 | Z11: 10 | AA11: =AC11&" - "&AB11 -> 05.06.01000 - Trains & Tracks | AB11: Trains & Tracks | AC11: 05.06.01000 | AF11: 10 | AG11: =AI11&" - "&AH11 -> 05.07.01000 - Accumulated Depreciation Boats & Yatchs | AH11: Accumulated Depreciation Boats & Yatchs | AI11: 05.07.01000
B12: 11 | C12: Bank & Other Financial Activities | J12: 11 | K12: Housing estate expenditure | S12: 11 | T12: 4g | U12: Financial Instrument | W12: 11 | X12: 2010 | Z12: 11 | AA12: =AC12&" - "&AB12 -> 05.06.01100 - Motor vehicle | AB12: Motor vehicle | AC12: 05.06.01100 | AF12: 11 | AG12: =AI12&" - "&AH12 -> 05.07.01100 - Accumulated Depreciation Motor vehicle | AH12: Accumulated Depreciation Motor vehicle | AI12: 05.07.01100
B13: 12 | C13: Insurnace Activities | J13: 12 | K13: Land | S13: 12 | T13: 4h | U13: Fair Value On Financial Assests Through P&L | W13: 12 | X13: 2011 | Z13: 12 | AA13: =AC13&" - "&AB13 -> 05.06.01200 - Motor vehicle (bus, truck & mass transit coach) | AB13: Motor vehicle (bus, truck & mass transit coach) | AC13: 05.06.01200 | AF13: 12 | AG13: =AI13&" - "&AH13 -> 05.07.01200 - Accumulated Depreciation Motor vehicle (bus, truck & mass transit coach) | AH13: Accumulated Depreciation Motor vehicle (bus, truck & mass transit coach) | AI13: 05.07.01200
B14: 13 | C14: Real Estate Activities | J14: 13 | K14: ranching and plantation | S14: 13 | T14: 4i | U14: Income From Non Pioneer Business | W14: 13 | X14: 2012 | Z14: 13 | AA14: =AC14&" - "&AB14 -> 05.06.01300 - Tools & Equipments | AB14: Tools & Equipments | AC14: 05.06.01300 | AF14: 13 | AG14: =AI14&" - "&AH14 -> 05.07.01300 - Accumulated Depreciation Tools & Equipments | AH14: Accumulated Depreciation Tools & Equipments | AI14: 05.07.01300
B15: 14 | C15: Professional, Scientific & Technical Activities | J15: 14 | K15: software | S15: 14 | T15: 4j | U15: Gain On Forward Exchange Contract Realised | W15: 14 | X15: 2013 | Z15: 14 | AA15: =AC15&" - "&AB15 -> 05.06.01400 - Office Equipment | AB15: Office Equipment | AC15: 05.06.01400 | AF15: 14 | AG15: =AI15&" - "&AH15 -> 05.07.01400 - Accumulated Depreciation Office Equipment | AH15: Accumulated Depreciation Office Equipment | AI15: 05.07.01400
B16: 15 | C16: Administrative & Support Activities | J16: 15 | K16: Others | S16: 15 | T16: 4k | U16: Realized Foreign Exchange Gain | W16: 15 | X16: 2014 | Z16: 15 | AA16: =AC16&" - "&AB16 -> 05.06.01500 - Medical equipments | AB16: Medical equipments | AC16: 05.06.01500 | AF16: 15 | AG16: =AI16&" - "&AH16 -> 05.07.01500 - Accumulated Depreciation Medical equipments | AH16: Accumulated Depreciation Medical equipments | AI16: 05.07.01500
B17: 16 | C17: Education | S17: 16 | T17: 4l | U17: Insurance Claim | W17: 16 | X17: 2015 | Z17: 16 | AA17: =AC17&" - "&AB17 -> 05.06.01600 - Household equipments | AB17: Household equipments | AC17: 05.06.01600 | AF17: 16 | AG17: =AI17&" - "&AH17 -> 05.07.01600 - Accumulated Depreciation Household equipments | AH17: Accumulated Depreciation Household equipments | AI17: 05.07.01600
B18: 17 | C18: Oil & Gas | S18: 17 | T18: 4m | U18: Interest Income | W18: 17 | X18: 2016 | Z18: 17 | AA18: =AC18&" - "&AB18 -> 05.06.01700 - Computer hardware | AB18: Computer hardware | AC18: 05.06.01700 | AF18: 17 | AG18: =AI18&" - "&AH18 -> 05.07.01700 - Accumulated Depreciation Computer hardware | AH18: Accumulated Depreciation Computer hardware | AI18: 05.07.01700
B19: 18 | C19: NGOs, NFPOs, Religious Institutions | S19: 18 | T19: 4n | U19: Lease Financing | W19: 18 | X19: 2017 | Z19: 18 | AA19: =AC19&" - "&AB19 -> 05.06.01800 - Office fixtures | AB19: Office fixtures | AC19: 05.06.01800 | AF19: 18 | AG19: =AI19&" - "&AH19 -> 05.07.01800 - Accumulated Depreciation Office fixtures | AH19: Accumulated Depreciation Office fixtures | AI19: 05.07.01800
B20: 19 | C20: Art, Entertainment & Recreation | S20: 19 | T20: 4o | U20: Non Taxable Revenue | W20: 19 | X20: 2018 | Z20: 19 | AA20: =AC20&" - "&AB20 -> 05.06.01900 - Furniture and fittings | AB20: Furniture and fittings | AC20: 05.06.01900 | AF20: 19 | AG20: =AI20&" - "&AH20 -> 05.07.01900 - Accumulated Depreciation Furniture and fittings | AH20: Accumulated Depreciation Furniture and fittings | AI20: 05.07.01900
S21: 20 | T21: 4p | U21: Gain On Sale Of Asset | W21: 20 | X21: 2019 | Z21: 20 | AA21: =AC21&" - "&AB21 -> 05.06.02000 - Asset under construction | AB21: Asset under construction | AC21: 05.06.02000 | AF21: 20 | AG21: =AI21&" - "&AH21 -> 05.07.02000 - Accumulated Depreciation Capital Work in Progress/ Asset under construction | AH21: Accumulated Depreciation Capital Work in Progress/ Asset under construction | AI21: 05.07.02000
S22: 21 | T22: 4q | U22: Rental Income | W22: 21 | X22: 2020 | Z22: 21 | AA22: =AC22&" - "&AB22 -> 05.06.02100 - Capital Work in Progress | AB22: Capital Work in Progress | AC22: 05.06.02100 | AF22: 21 | AG22: =AI22&" - "&AH22 -> 05.07.02100 - Accumulated Depreciation Agricultural Plantations | AH22: Accumulated Depreciation Agricultural Plantations | AI22: 05.07.02100
S23: 22 | T23: 4r | U23: Charges On Letter Of Credit Facilities | W23: 22 | X23: 2021 | Z23: 22 | AA23: =AC23&" - "&AB23 -> 05.06.02200 - Agricultural Plantations ( Bearers Plants) | AB23: Agricultural Plantations ( Bearers Plants) | AC23: 05.06.02200 | AF23: 22 | AG23: =AI23&" - "&AH23 -> 05.07.02200 - Accumulated Depreciation Biological Assets (poultry,fishery & other livestock etc) | AH23: Accumulated Depreciation Biological Assets (poultry,fishery & other livestock etc) | AI23: 05.07.02200
S24: 23 | T24: 4s | U24: Foreign Exchange Loss | W24: 23 | X24: 2022 | Z24: 23 | AA24: =AC24&" - "&AB24 -> 05.06.02300 - Biological Assets (poultry, fisheries & other livestock etc) | AB24: Biological Assets (poultry, fisheries & other livestock etc) | AC24: 05.06.02300 | AF24: 23 | AG24: =AI24&" - "&AH24 -> 05.07.02300 - Accumulated Depreciation Other plant, properties and equipments | AH24: Accumulated Depreciation Other plant, properties and equipments | AI24: 05.07.02300
S25: 24 | T25: 4t | U25: Other Taxable Income | W25: 24 | X25: 2023 | Z25: 24 | AA25: =AC25&" - "&AB25 -> 05.06.02400 - Petroleum Development cost | AB25: Petroleum Development cost | AC25: 05.06.02400
S26: 25 | T26: 5 | U26: Operating Income | W26: 25 | X26: 2024 | Z26: 25 | AA26: =AC26&" - "&AB26 -> 05.06.02500 - Distribution networks assets | AB26: Distribution networks assets | AC26: 05.06.02500
S27: 26 | T27: 6 | U27: Administrative Expenses | W27: 26 | X27: 2025 | Z27: 26 | AA27: =AC27&" - "&AB27 -> 05.06.02600 - Leasehold improvement | AB27: Leasehold improvement | AC27: 05.06.02600
S28: 27 | T28: 6a | U28: Salary And Wages | W28: 27 | X28: 2026 | Z28: 27 | AA28: =AC28&" - "&AB28 -> 05.06.02700 - Other plant, properties and equipments | AB28: Other plant, properties and equipments | AC28: 05.06.02700
S29: 28 | T29: 6b | U29: Repairs And Maintenance | W29: 28 | X29: 2027
S30: 29 | T30: 6c | U30: Rent | W30: 29 | X30: 2028
S31: 30 | T31: 6d | U31: Research And Development Cost | W31: 30 | X31: 2029
S32: 31 | T32: 6e | U32: Interest Expense | W32: 31 | X32: 2030
S33: 32 | T33: 6f | U33: Rates
S34: 33 | T34: 6g | U34: Depreciation & Armotization
S35: 34 | T35: 6h | U35: Management/Technical Fees
S36: 35 | T36: 6i | U36: Directors Emoluments
S37: 36 | T37: 6j | U37: Donations
S38: 37 | T38: 6k | U38: Professional Fees
S39: 38 | T39: 6l | U39: Commision Paid
S40: 39 | T40: 6m | U40: Realized Foreign Exchange Loss
S41: 40 | T41: 6n | U41: Loss On Sale Of Fixed Asset
S42: 41 | T42: 6o | U42: Bank Charges
S43: 42 | T43: 6p | U43: Employee Benefit Expenses
S44: 43 | T44: 6q | U44: Utilities
... S68: 67 | T68: - | U68: Other Operating Expenses (Describe The Head Of Expenditurse/Expenses
S69: 68 | T69: 7 | U69: Finance Cost (Excluding Interest Expense)
S70: 69 | T70: 8 | U70: Operating Profit Before Tax
S71: 70 | T71: 9 | U71: Taxation
S72: 71 | T72: 10 | U72: Profit After Tax
S73: 72 | T73: 11 | U73: Other Comprehensive Income
S74: 73 | T74: 11a | U74: Revaluation Gain/Loss
S75: 74 | T75: 11b | U75: Unrealised Gain Or Loss
S76: 75 | T76: 11c | U76: Currency Translation Adjustments
S77: 76 | T77: 11d | U77: Cash Flow Hedge
S78: 77 | T78: 11e | U78: Gain Or Loss On Derivative Contracts
S79: 78 | T79: 11f | U79: Pension Plans Adustments
S80: 79 | T80: 11g | U80: Other Comprehensive Income (Specify Each Items)
S81: 80 | T81: 12 | U81: Profit For The Year
S82: 81 | T82: 13 | U82: Retained Earnings Brought Forward
S83: 82 | T83: 14 | U83: Retained Earnings Carried Forward
